[Event "ICC Open 2015"]
[Site "Internet Chess Club"]
[Date "2015.05.30"]
[Round "1"]
[White "slothchess"]
[Black "BoardLord"]
[Result "0-1"]
[ICCResult "White forfeits on time"]
[WhiteElo "1496"]
[BlackElo "2236"]
[Opening "Sicilian: Najdorf, Byrne (English) attack"]
[ECO "B90"]
[NIC "SI.14"]
[Time "14:04:27"]
[TimeControl "180+0"]

1. e4 c5 2. Nf3 d6 3. d4 cxd4 4. Nxd4 Nf6 5. Nc3 a6 6. Be3 e5 7. Nb3 Be6 8.
f3 Nbd7 9. a4 Be7 10. Be2 O-O 11. O-O Rc8 12. Kh1 Nb6 13. Qd2 Bc4 14. a5
Nbd7 15. Bxc4 Rxc4 16. Qf2 Qc7 17. Rad1 Rc8 18. Bd2 Qc6 19. Bg5 h6 20. Be3
Kf8 21. Rfe1 Kg8 22. Rf1 Nf8 23. Rfe1 Ne6 24. Rd2 Nc7 25. Red1 Nb5 26. Ne2
Rc7 27. Na1 Ra4 28. b3 Rxa5 29. c4 Na3 30. Bb6 Rc5 31. Bxc7 Qxc7 32. Nc3 b5
33. Ra2 b4 34. Nb1 Nxb1 35. Rxb1 a5 36. Nc2 Nd7 37. Rd1 Nb6 38. Ne3 g6 39.
Nd5 Nxd5 40. exd5 f5 41. Re1 Bf6 42. h3 h5 43. g3 Kg7 44. Kg2 Qf7 45. h4 Qc7
46. Ree2 Qd7 47. Re1 Qc7 48. Ree2 Bd8 49. Re1 Qe7 50. Ree2 Bb6 51. Qe3 Qf6
52. Qg5 Qxg5 53. hxg5 Bd8 54. f4 e4 55. Re3 Bb6 56. Ree2 Kf7 57. Rad2 Ke7
58. Kf1 Kd7 59. Kg2 Kc7 60. Kh3 Kb7 61. Kg2 Ka6 62. Kh3 a4 63. Kg2 a3 64.
Rf2 Ra5 65. Rfe2 Bd4 66. Ra2 Kb6 67. Kh3 Kc5 68. Kh4 Bc3 69. g4 hxg4 70. Rf2
Bd4 71. Rg2 e3 72. Rge2 Ra7 73. Kg3 Rh7 74. Kg2 Rh3 75. Kg1 g3 76. Kg2 Rh2+
77. Kxg3 Rf2 78. Rad2 exd2 79. Rxf2 Bxf2+ 80. Kxf2 d1=Q 81. Kg3 a2 82. Kh4
a1=Q {White forfeits on time} 0-1

[Event "ICC Open 2015"]
[Site "Internet Chess Club"]
[Date "2015.05.30"]
[Round "1"]
[White "ToivoK"]
[Black "JOHEL"]
[Result "0-1"]
[ICCResult "White forfeits on time"]
[WhiteElo "2250"]
[BlackElo "1611"]
[Opening "English: Wimpey system"]
[ECO "A01"]
[NIC "VO.08"]
[Time "14:04:10"]
[TimeControl "180+0"]

1. b3 Nf6 2. Bb2 e6 3. e3 c5 4. Nf3 d5 5. c4 Nc6 6. cxd5 exd5 7. Be2 Be7 8.
O-O O-O 9. d4 Bg4 10. Nbd2 b6 11. Rc1 Rc8 12. dxc5 Ne4 13. cxb6 Qxb6 14. Nd4
Bxe2 15. Qxe2 Bf6 16. Nxe4 dxe4 17. Nxc6 Rxc6 18. Bxf6 Rxf6 19. Qc4 Re8 20.
Qxe4 Rfe6 21. Qd4 Qa5 22. a4 h6 23. Qc3 Qg5 24. Qc5 Qxc5 25. Rxc5 Rb6 26.
Ra5 Rxb3 27. Rxa7 Ra3 28. Rc1 Rb8 29. g3 Rb4 30. Rcc7 Raxa4 31. Rxf7 Rxa7
32. Rxa7 Kh7 33. Ra3 Kg6 34. Rd3 h5 35. Rd4 Rb2 36. Kg2 Kf5 37. Rf4+ Kg5 38.
Rc4 g6 39. Rc5+ Kf6 40. Rc4 Kg5 41. Rd4 Kf5 42. h4 Rc2 43. Rf4+ Ke5 44. Kf3
Rc6 45. Rf8 Rd6 46. Re8+ Kf6 47. Re4 Kg7 48. Rf4 Ra6 49. Kg2 Ra2 50. Rd4 Ra5
51. Rd7+ Kf6 52. Rd6+ Kg7 53. Kf3 Ra4 54. Rd7+ Kf6 55. Rd4 Ra2 56. Rf4+ Kg7
57. Re4 Kf6 58. Rf4+ Kg7 59. Re4 Ra5 60. Rd4 Rf5+ 61. Kg2 Ra5 62. Rc4 Kf6
63. Rc6+ Kg7 64. Rc8 Kh6 65. Rc6 Kg7 66. Rc7+ Kf6 67. Rc6+ Kg7 68. Rxg6+
Kxg6 {White forfeits on time} 0-1

[Event "ICC Open 2015"]
[Site "Internet Chess Club"]
[Date "2015.05.30"]
[Round "1"]
[White "chessersizing"]
[Black "Sjelan"]
[Result "0-1"]
[ICCResult "White checkmated"]
[WhiteElo "1517"]
[BlackElo "2209"]
[Opening "QGD semi-Slav: Stoltz variation"]
[ECO "D45"]
[NIC "SL.08"]
[Time "14:04:44"]
[TimeControl "180+0"]

1. c4 c6 2. d4 d5 3. Nf3 Nf6 4. e3 e6 5. Nc3 Nbd7 6. Qc2 Bd6 7. g4 O-O 8. g5
Ne8 9. cxd5 exd5 10. Bd3 g6 11. h4 Ng7 12. e4 dxe4 13. Nxe4 Re8 14. Kf1 Be7
15. Bf4 Nf8 16. Be3 Bf5 17. Ne5 Bxe4 18. Bxe4 Bd6 19. Ng4 Kh8 20. Nh6 Qe7
21. Bd3 Nfe6 22. f4 Nxf4 23. Bxf4 Bxf4 24. Kg2 Bd6 25. Rae1 Qd7 26. Rhf1 Rf8
27. Bc4 Nh5 28. Nxf7+ Kg7 29. Ne5 Bxe5 30. dxe5 Qg4+ 31. Kh1 Ng3+ 32. Kh2
Nxf1+ 33. Rxf1 Rxf1 34. Qg2 Qxg2+ 35. Kxg2 Rf4 36. e6 Rxc4 37. Kf2 Re4 38.
e7 Re6 39. h5 Rxe7 40. h6+ Kf7 41. Kg3 Re6 42. Kg4 Rae8 43. Kf4 Re3 44. Kg4
R8e4# {White checkmated} 0-1

[Event "ICC Open 2015"]
[Site "Internet Chess Club"]
[Date "2015.05.30"]
[Round "1"]
[White "BehindBluEyes"]
[Black "PajoPatak"]
[Result "1-0"]
[ICCResult "Black forfeits on time"]
[WhiteElo "2298"]
[BlackElo "1588"]
[Opening "Sicilian: Alapin's variation (2.c3)"]
[ECO "B22"]
[NIC "SI.46"]
[Time "14:04:55"]
[TimeControl "180+0"]

1. e4 c5 2. c3 Nf6 3. e5 Nd5 4. d4 e6 5. Nf3 Nc6 6. Bd3 cxd4 7. cxd4 d6 8.
Qe2 Be7 9. Nc3 Nxc3 10. bxc3 dxe5 11. dxe5 O-O 12. h4 h6 13. Bf4 Qa5 14. Rc1
Bd7 15. Rh3 Kh8 16. Qd2 f5 17. exf6 Bxf6 18. Bxh6 e5 19. Rg3 e4 20. Bxe4
Rae8 21. Qxd7 Rxe4+ 22. Kf1 gxh6 23. Qd6 Bg7 24. Qg6 Re7 25. Kg1 Ne5 26.
Nxe5 Qxe5 27. Rd1 Qf6 28. Qc2 Qxh4 29. Rh3 Qf6 30. Rf3 Qe6 31. Re3 Qf6 32.
Rf3 Qe6 33. Rdd3 Qe1+ 34. Kh2 Qe5+ 35. g3 Qe4 36. Rxf8+ Bxf8 37. Qd2 Kg8 38.
Re3 Qc6 39. Rxe7 Bxe7 40. Kg1 Bf8 41. a3 Bg7 42. a4 Qxc3 43. Qd8+ Kh7 44.
Qd5 Qb4 45. a5 b6 46. a6 Qa5 47. Qe4+ Kg8 48. Qb7 Kh7 49. Kg2 b5 50. Qxa7 b4
51. Qb7 b3 52. a7 b2 53. Qe4+ {Black forfeits on time} 1-0

[Event "ICC Open 2015"]
[Site "Internet Chess Club"]
[Date "2015.05.30"]
[Round "1"]
[White "Lightlike"]
[Black "fredericton"]
[Result "1-0"]
[ICCResult "Black forfeits on time"]
[WhiteElo "2646"]
[BlackElo "1785"]
[Opening "Scotch game"]
[ECO "C45"]
[NIC "SO.05"]
[Time "14:05:05"]
[TimeControl "180+0"]

1. e4 e5 2. Nf3 Nc6 3. d4 exd4 4. Nxd4 Bc5 5. Nxc6 bxc6 6. Bd3 d6 7. O-O Nf6
8. Nc3 O-O 9. Kh1 h6 10. f4 Ng4 11. Qf3 Qh4 12. h3 Nf2+ 13. Kh2 Ng4+ 14. Kh1
Nf2+ 15. Rxf2 Qxf2 16. Qxf2 Bxf2 17. Bd2 Bd4 18. Na4 Rb8 19. c3 Bf6 20. Re1
Be6 21. b3 Rfe8 22. g4 c5 23. c4 Bd7 24. Nc3 Bc6 25. Kh2 Bd4 26. Kg3 a5 27.
Nd5 Bxd5 28. cxd5 a4 29. Bc4 axb3 30. axb3 Ra8 31. Re2 Ra2 32. Kf3 Rea8 33.
Be3 Rxe2 34. Bxe2 Bxe3 35. Kxe3 Ra3 36. Bc4 Kf8 37. e5 Ke7 38. Ke4 Ra1 39.
Kf3 Rh1 40. Kg2 Rd1 41. Kf3 dxe5 42. fxe5 Rh1 43. Kg2 Re1 44. e6 fxe6 45.
dxe6 Kd6 46. Kf3 c6 47. Kf4 Rh1 48. Kg3 Ke7 49. h4 Re1 50. Kf4 Kf6 51. g5+
hxg5+ 52. hxg5+ Ke7 53. Kf5 Re3 54. Kg6 Kf8 55. Kf5 Ke7 56. Kg6 Kf8 57. Kh5
Kg8 58. Kg4 Kf8 59. Kf4 Re1 60. Kf5 Ke7 61. Kg6 Kf8 62. Kh7 Rh1+ 63. Kg6 Re1
64. Kf5 Rh1 65. Ba6 Re1 66. Bb7 Ke7 67. Bxc6 Rxe6 68. Bd5 Rd6 69. Bc4 Rd4
70. Bg8 Kd6 71. Kg6 Rg4 72. Kh5 Rg1 73. Kg6 Ke5 74. Kxg7 Rxg5+ 75. Kf8 Rg3
76. Bf7 {Black forfeits on time} 1-0

[Event "ICC Open 2015"]
[Site "Internet Chess Club"]
[Date "2015.05.30"]
[Round "1"]
[White "nihil95"]
[Black "Ernani"]
[Result "0-1"]
[ICCResult "White checkmated"]
[WhiteElo "1793"]
[BlackElo "2687"]
[Opening "Sicilian defense"]
[ECO "B32"]
[NIC "SI.31"]
[Time "14:05:06"]
[TimeControl "180+0"]

1. e4 c5 2. Nf3 Nc6 3. d4 cxd4 4. Bc4 e6 5. O-O Nf6 6. Qe2 Nxe4 7. Bf4 d5 8.
Bb5 Bc5 9. c3 dxc3 10. Nxc3 Nxc3 11. bxc3 O-O 12. Rfd1 Qa5 13. c4 a6 14.
cxd5 axb5 15. dxc6 bxc6 16. Rac1 Bb4 17. Rc2 c5 18. Qe4 Ra7 19. Bd6 Re8 20.
Ne5 Bb7 21. Qf4 Bd5 22. Bxc5 Bxc5 23. Rxc5 Qb6 24. Rdc1 f6 25. Ng4 e5 26.
Qg3 Bc4 27. Qe3 Kh8 28. Rd1 Qe6 29. h3 Raa8 30. Rc7 h5 31. Qc5 hxg4 32. Rd6
Qg8 33. Qb6 Qh7 34. Rdd7 Rg8 35. Qb7 gxh3 36. gxh3 Rxa2 37. Rxg7 Rxg7+ 38.
Kh2 Rxc7 39. h4 Qg8 40. Qxc7 Rxf2+ 41. Kh1 Qg2# {White checkmated} 0-1

[Event "ICC Open 2015"]
[Site "Internet Chess Club"]
[Date "2015.05.30"]
[Round "1"]
[White "Cristhian-ator"]
[Black "terminado"]
[Result "0-1"]
[ICCResult "White forfeits on time"]
[WhiteElo "2552"]
[BlackElo "1802"]
[Opening "English opening"]
[ECO "A05"]
[NIC "QP.11"]
[Time "14:05:19"]
[TimeControl "180+0"]

1. Nf3 Nf6 2. c4 g6 3. b4 Bg7 4. Bb2 O-O 5. g3 a5 6. b5 c6 7. a4 d5 8. cxd5
cxd5 9. Bg2 e6 10. O-O Nbd7 11. d3 Re8 12. Nbd2 Nc5 13. Rc1 b6 14. d4 Ncd7
15. Ne5 Bb7 {White forfeits on time} 0-1

[Event "ICC Open 2015"]
[Site "Internet Chess Club"]
[Date "2015.05.30"]
[Round "1"]
[White "sahilmd"]
[Black "f8"]
[Result "1-0"]
[ICCResult "Black forfeits on time"]
[WhiteElo "2078"]
[BlackElo "1382"]
[Opening "QGD: exchange, positional line"]
[ECO "D35"]
[NIC "QO.16"]
[Time "14:05:17"]
[TimeControl "180+0"]

1. d4 d5 2. c4 e6 3. Nc3 Nf6 4. cxd5 exd5 5. Bg5 Be7 6. Qc2 c6 7. e3 Be6 8.
Bd3 h6 9. Bh4 Nbd7 10. Nf3 O-O 11. O-O Rc8 12. a3 Re8 13. Rfe1 Qc7 14. Bg3
Bd6 15. Rac1 Bxg3 16. hxg3 Qd6 17. Nd2 c5 18. dxc5 Nxc5 19. Nb5 Qb8 20. Nd4
Nxd3 21. Qxd3 Bd7 22. b4 Ne4 23. N2b3 b6 24. Nf3 Nf6 25. b5 Qd6 26. Nbd4 Rc5
27. a4 Rec8 28. Nb3 Rxc1 29. Rxc1 Rxc1+ 30. Nxc1 Qa3 31. Qc2 Be6 32. Nd4 Ne4
33. Nd3 Qc3 34. Qxc3 Nxc3 35. Nb2 Bd7 36. Nc6 a6 37. Ne5 Bc8 38. Nc6 axb5
39. axb5 Bd7 40. Ne7+ Kf8 41. Nxd5 {Black forfeits on time} 1-0

[Event "ICC Open 2015"]
[Site "Internet Chess Club"]
[Date "2015.05.30"]
[Round "1"]
[White "Pkopsa"]
[Black "Art"]
[Result "1/2-1/2"]
[ICCResult "White ran out of time and Black has no material to mate"]
[WhiteElo "1605"]
[BlackElo "2284"]
[Opening "QGD Slav: exchange variation"]
[ECO "D13"]
[NIC "SL.02"]
[Time "14:04:52"]
[TimeControl "180+0"]

1. d4 d5 2. c4 c6 3. cxd5 cxd5 4. Nf3 Nf6 5. Nc3 Nc6 6. Bf4 Bg4 7. Ne5 Bc8
8. e3 e6 9. Nxc6 bxc6 10. Be2 Be7 11. O-O O-O 12. Rc1 Nd7 13. Na4 Nb6 14.
Nc5 a5 15. b3 Bd6 16. Bxd6 Qxd6 17. Qc2 Rd8 18. f4 g6 19. Nd3 Bb7 20. Qc5
Qxc5 21. Rxc5 Nd7 22. Rc2 Rdc8 23. Rfc1 Rc7 24. Nc5 Nxc5 25. Rxc5 a4 26. b4
Ba6 27. Bxa6 Rxa6 28. a3 Rb6 29. Ra5 Rbb7 30. Rxa4 Ra7 31. Rxa7 Rxa7 32.
Rxc6 Rxa3 33. b5 Ra2 34. b6 Rb2 35. h3 Kg7 36. Kh2 h5 37. Kg3 Kf6 38. Kf3
Kf5 39. g4+ hxg4+ 40. hxg4+ Kf6 41. g5+ Kg7 42. Rd6 Kg8 43. e4 Rb3+ 44. Ke2
dxe4 45. Rc6 e3 46. Kf3 Kg7 47. Ke2 Kg8 48. Kf3 Kg7 49. Ke2 Kg8 50. Rc7 Kg7
51. b7 Kh7 52. Rxf7+ Kg8 53. Rc7 Kf8 54. Rc8+ Ke7 55. b8=Q Rxb8 56. Rxb8 Kd7
57. Rb7+ Kd6 58. Rb6+ Kd5 59. Kxe3 e5 60. dxe5 Kc5 61. Ra6 Kd5 62. Rxg6 Kc5
63. e6 Kb5 64. e7 Kc5 65. e8=Q Kb4
{White ran out of time and Black has no material to mate}
1/2-1/2

[Event "ICC Open 2015"]
[Site "Internet Chess Club"]
[Date "2015.05.30"]
[Round "1"]
[White "ultramagic1"]
[Black "Adonis"]
[Result "0-1"]
[ICCResult "White forfeits on time"]
[WhiteElo "1767"]
[BlackElo "2618"]
[Opening "Evans gambit"]
[ECO "C52"]
[NIC "IG.05"]
[Time "14:04:56"]
[TimeControl "180+0"]

1. e4 e5 2. Nf3 Nc6 3. Bc4 Bc5 4. b4 Bxb4 5. c3 Ba5 6. d4 exd4 7. O-O Nge7
8. cxd4 d5 9. exd5 Nxd5 10. Bd2 Bxd2 11. Qxd2 O-O 12. Nc3 Be6 13. Rfe1 h6
14. a3 a6 15. Bd3 Nxc3 16. Qxc3 Bd5 17. Be4 Re8 18. Bxd5 Qxd5 19. Re3 Rxe3
20. fxe3 Re8 21. Re1 Re7 22. Kf2 f6 23. Qd3 Qe4 24. Qxe4 Rxe4 25. Rb1 Nd8
26. Nd2 Re7 27. Nc4 Kf7 28. Na5 b6 29. Nc4 Ne6 30. Nd2 Ng5 31. Ke2 Ke8 32.
Kd3 Kd7 33. Nc4 a5 34. Rb5 Ne4 35. Rb2 Nd6 36. Nxd6 Kxd6 37. e4 Kd7 38. Rc2
Re6 39. d5 Re5 40. Kd4 Rg5 41. g3 Rg4 42. Rf2 h5 43. Rf5 h4 44. Rf3 hxg3 45.
Rxg3 Rxg3 46. hxg3 c6 47. Kc4 Kd6 48. dxc6 Kxc6 49. a4 g6 50. g4 g5 51. Kd4
b5 52. axb5+ Kxb5 53. Kd5 a4 54. Ke6 a3 55. Kxf6 a2 56. e5 a1=Q 57. Kxg5
Qxe5+ 58. Kh6 Kc6 59. g5 Qh2+ {White forfeits on time} 0-1

[Event "ICC Open 2015"]
[Site "Internet Chess Club"]
[Date "2015.05.30"]
[Round "1"]
[White "CBA321"]
[Black "NFork"]
[Result "0-1"]
[ICCResult "White forfeits on time"]
[WhiteElo "1584"]
[BlackElo "2161"]
[Opening "French: advance, Wade variation"]
[ECO "C02"]
[NIC "FR.03"]
[Time "14:04:52"]
[TimeControl "180+0"]

1. e4 e6 2. d4 d5 3. e5 c5 4. c3 Qb6 5. Nf3 Bd7 6. a3 cxd4 7. cxd4 Bb5 8.
Bxb5+ Qxb5 9. Nc3 Qa6 10. Qa4+ Qxa4 11. Nxa4 Ne7 12. Be3 Nf5 13. Rc1 Nd7 14.
O-O Be7 15. b4 b6 16. Rc2 O-O 17. Rfc1 Rfd8 18. Rc7 Kf8 19. Rb7 Rac8 20.
Rbc7 Rxc7 21. Rxc7 Ke8 22. h3 a5 23. b5 Bxa3 24. Ng5 h6 25. Nf3 Nxe3 26.
fxe3 Rb8 27. Kf2 Kd8 28. Rc6 Rc8 29. Rxc8+ Kxc8 30. Ke2 Bc1 31. Kd3 Kc7 32.
Nd2 Bxd2 33. Kxd2 f6 34. exf6 gxf6 35. g4 Kd6 36. Kd3 e5 37. dxe5+ fxe5 38.
Nc3 Nc5+ 39. Ke2 a4 40. h4 d4 41. exd4 exd4 42. Na2 Ke5 43. g5 hxg5 44. hxg5
Kf5 45. g6 Kxg6 46. Kd2 Kf5 47. Nb4 Ke4 48. Na2 a3 49. Nb4 Nb3+ 50. Kc2 Nc5
51. Na2 Ke3 52. Nb4 d3+ 53. Kd1 d2 54. Na2 Kd3 55. Nb4+ Kc3 56. Nd5+ Kb2 57.
Nxb6 a2 58. Nc8 a1=Q+ 59. Kxd2 Qc1+ 60. Ke2 Nb3 61. Kf3 Qxc8
{White forfeits on time}
0-1

[Event "ICC Open 2015"]
[Site "Internet Chess Club"]
[Date "2015.05.30"]
[Round "1"]
[White "perronegro"]
[Black "Ricardov"]
[Result "0-1"]
[ICCResult "White forfeits on time"]
[WhiteElo "1609"]
[BlackElo "2321"]
[Opening "KGD: Nimzovich counter-gambit"]
[ECO "C31"]
[NIC "KG.04"]
[Time "14:04:42"]
[TimeControl "180+0"]

1. e4 e5 2. f4 d5 3. exd5 c6 4. dxc6 Nxc6 5. Qe2 Bf5 6. d3 Bc5 7. fxe5 Nd4
8. Qd2 Qh4+ 9. g3 Qe7 10. Be2 Qxe5 11. Nc3 Bg4 12. Ne4 Nf3+ 13. Nxf3 Bxf3
14. Bxf3 f5 15. c3 fxe4 16. Bxe4 Nf6 17. Qf4 Qe7 18. Bd2 O-O 19. Qh4 Nxe4
20. dxe4 Qxh4 21. gxh4 Bf2+ 22. Ke2 Rae8 23. Kd3 Bxh4 24. Raf1 Bf2 25. Be3
Bxe3 26. Kxe3 Rd8 27. Rxf8+ Kxf8 28. Rf1+ Ke7 29. Rf5 g6 30. Rb5 b6 31. Rb4
Rf8 32. h4 Ke6 33. Ra4 Rf7 34. Rd4 h6 35. c4 g5 36. hxg5 hxg5 37. Rd2 g4 38.
Rg2 Rf3+ 39. Ke2 Rf4 40. Rg3 Ke5 41. Re3 Rxe4 42. Rxe4+ Kxe4 43. Kf2 Kd4 44.
Kg3 Kxc4 45. Kxg4 Kd3 46. b3 Kc2 47. b4 Kc3 48. a3 Kb3 49. Kf5 Kxa3 50. b5
Kb4 51. Ke4 Kxb5 52. Kd3 Kb4 53. Kc2 b5 54. Kb2 Ka4 55. Ka2 b4 56. Kb2 b3
57. Kb1 Ka3 58. Ka1 b2+ 59. Kb1 a6 60. Kc2 Ka2 61. Kc3 b1=Q 62. Kc4 Qb5+ 63.
Kc3 a5 64. Kd4 a4 65. Kc3 a3 66. Kd4 Kb3 67. Ke3 a2 68. Ke4 a1=Q 69. Ke3
Qaa4 70. Kf3 Ka3 71. Kg3 Qbb3+ 72. Kf2 Kb4 {White forfeits on time} 0-1

[Event "ICC Open 2015"]
[Site "Internet Chess Club"]
[Date "2015.05.30"]
[Round "1"]
[White "pagoda"]
[Black "Inmune"]
[Result "0-1"]
[ICCResult "White forfeits on time"]
[WhiteElo "1935"]
[BlackElo "2997"]
[Opening "Dunst (Sleipner, Heinrichsen) opening"]
[ECO "A00"]
[NIC "VO.15"]
[Time "14:05:21"]
[TimeControl "180+0"]

1. Nc3 d5 2. e4 d4 3. Nce2 e5 4. Nf3 Bd6 5. Ng3 h5 6. Bc4 h4 7. Ne2 h3 8. g3
Bg4 9. Nfg1 Ne7 10. f3 Bh5 11. g4 Bg6 12. Ng3 Nec6 13. a4 Nd7 14. d3 Be7 15.
Bd2 Bg5 16. N1e2 f6 17. O-O Qe7 18. Bxg5 fxg5 19. Nf5 Bxf5 20. exf5 Nb6 21.
Bb3 O-O-O 22. Ng3 Nb4 23. a5 N6d5 24. Qd2 Nf4 25. Ne4 a6 26. Ba4 Nbd5 27. b4
Ne3 28. Rfb1 c6 29. b5 cxb5 30. Bxb5 axb5 31. Rxb5 Rh6 32. Rab1 Rc6 33. Rxb7
Qxb7 34. Rxb7 Kxb7 35. Qb4+ Ka7 36. Qe7+ Ka6 37. Qxd8 Ned5 38. Nd6 Nc7 39.
Nc4 Nfd5 40. Qb8 Rf6 41. Qc8+ Kb5 42. Qb7+ Kc5 43. Qb3 Kc6 44. a6 Kd7
{White forfeits on time}
0-1

[Event "ICC Open 2015"]
[Site "Internet Chess Club"]
[Date "2015.05.30"]
[Round "1"]
[White "ElFenomeno"]
[Black "MoonlightWizard"]
[Result "1-0"]
[ICCResult "Black forfeits on time"]
[WhiteElo "1959"]
[BlackElo "2950"]
[Opening "Catalan: open, classical line"]
[ECO "E05"]
[NIC "CA.05"]
[Time "14:05:15"]
[TimeControl "180+0"]

1. d4 Nf6 2. c4 e6 3. g3 d5 4. Bg2 dxc4 5. Nf3 Be7 6. O-O O-O 7. Nbd2 b5 8.
a4 c6 9. Qc2 Bb7 10. b3 cxb3 11. Nxb3 Nbd7 12. Rd1 Rc8 13. Nc5 Ba8 14. Ne5
Qc7 15. Bf4 Bd6 16. Ncxd7 Nxd7 17. Qb2 bxa4 18. Rxa4 Rb8 19. Qa1 Nxe5 20.
Rxa7 Qc8 21. Bxe5 Bxe5 22. dxe5 Rd8 23. Rxd8+ Qxd8 24. h4 Qb6 25. Rxa8 g6
26. Rxb8+ Qxb8 27. Bxc6 Kg7 28. Qd4 Qb1+ 29. Kh2 Qc2 30. Bf3 h6 31. Qd8 Qd2
32. Qf6+ Kg8 33. h5 g5 34. Be4 Qxe2 35. Bh7+ Kxh7 36. Qxf7+ Kh8 37. Qf8+ Kh7
38. Qf7+ Kh8 39. Qg6 Qxf2+ 40. Kh3 Qf1+ 41. Kh2 Qe2+ 42. Kh3 Qf1+ 43. Kh2
Qe2+ 44. Kh3 g4+ 45. Kh4 Qh2+ 46. Kxg4 Qe2+ 47. Kf4 Qf2+ 48. Kg4 Qe2+ 49.
Kh4 Qh2+ 50. Kg4 Qe2+ 51. Kh4 Qh2+ 52. Kg4 Qe2+ 53. Kh4 Qxe5 54. Qxh6+ Kg8
55. Qg6+ Qg7 56. Qxg7+ Kxg7 57. Kg5 e5 58. h6+ Kf7 59. Kf5 Kg8 60. Kxe5 Kh7
61. Kf4 Kxh6 62. g4 Kg7 63. g5 Kf7 64. Kg4 Kg7 65. Kh5 Kg8 66. g6 Kg7 67.
Kg4 Kg8 68. Kg5 Kg7 69. Kf5 Kg8 70. Kg5 Kg7 71. Kh5 Kg8 72. Kh6 Kh8 73. g7+
{Black forfeits on time}
1-0

[Event "ICC Open 2015"]
[Site "Internet Chess Club"]
[Date "2015.05.30"]
[Round "1"]
[White "JW"]
[Black "nadalthegreat"]
[Result "1-0"]
[ICCResult "Black checkmated"]
[WhiteElo "2492"]
[BlackElo "1713"]
[Opening "Giuoco Piano: Bird's attack"]
[ECO "C54"]
[NIC "IG.02"]
[Time "14:05:48"]
[TimeControl "180+0"]

1. e4 e5 2. Nf3 Nc6 3. Bc4 Bc5 4. c3 Nf6 5. b4 Bb6 6. d3 d5 7. exd5 Nxd5 8.
O-O O-O 9. Qb3 Be6 10. Ng5 h6 11. Nxe6 fxe6 12. Qc2 Qf6 13. Qe2 Rad8 14. Na3
Nxc3 15. Qe1 Bd4 16. Bb2 Na4 17. Bxd4 Nxd4 18. Qe4 Qf5 19. Qxb7 Rb8 20. Qxc7
Rxb4 21. Qd7 Qg6 22. f4 Ne2+ 23. Kh1 Nxf4 24. g3 Rb2 25. Qc6 Nc3 26. Bb3 Kh8
27. gxf4 Qh5 28. Nc2 Ne2 29. Qf3 Qxf3+ 30. Rxf3 Nxf4 31. Raf1 Rd8 32. d4 Ne2
33. Rf8+ Rxf8 34. Rxf8+ Kh7 35. dxe5 Rb1+ 36. Kg2 Rg1+ 37. Kf2 Kg6 38. Kxe2
Rh1 39. Bxe6 Rxh2+ 40. Kd3 Rh5 41. Bf7+ Kg5 42. Bxh5 Kxh5 43. e6 g5 44. e7
g4 45. e8=Q+ Kh4 46. Rf4 Kg5 47. Qe5+ Kh4 48. Qf6+ Kh3 49. Qxh6+ Kg3 50. Qg5
a5 51. Qxg4+ Kh2 52. Rf2+ Kh1 53. Qg2# {Black checkmated} 1-0

[Event "ICC Open 2015"]
[Site "Internet Chess Club"]
[Date "2015.05.30"]
[Round "1"]
[White "Tomorrowlan"]
[Black "Ramanip15"]
[Result "1-0"]
[ICCResult "Black forfeits on time"]
[WhiteElo "2893"]
[BlackElo "1868"]
[Opening "Benoni: fianchetto variation"]
[ECO "A62"]
[NIC "BI.23"]
[Time "14:04:58"]
[TimeControl "180+0"]

1. d4 Nf6 2. Nf3 e6 3. c4 c5 4. d5 exd5 5. cxd5 d6 6. Nc3 g6 7. g3 Bg7 8.
Bg2 O-O 9. O-O Re8 10. Re1 a6 11. a4 Ne4 12. Nxe4 Rxe4 13. Qc2 Re8 14. Bf4
Qc7 15. e4 Nd7 16. Nd2 Rb8 17. a5 b6 18. axb6 Nxb6 19. Bf1 Nd7 20. Nc4 Ne5
21. Nxe5 Bxe5 22. Bxe5 Rxe5 23. Bxa6 Bxa6 24. Rxa6 Qb7 25. Rxd6 Qxb2 26.
Qxb2 Rxb2 27. Rc6 Rc2 28. d6 Rd2 29. Rc8+ Kg7 30. f4 Re6 31. e5 Rdxd6 32.
Rxc5 Rd2 33. Rc3 h5 34. Rce3 Ra6 35. R1e2 Ra1+ 36. Kf2 Raa2 37. Rxd2 Rxd2+
38. Re2 Rd1 39. Kg2 Ra1 40. e6 fxe6 41. Rxe6 Kh6 42. Kh3 Ra2 43. f5 Ra3 44.
Rxg6+ Kh7 45. Kh4 Ra2 46. Kxh5 Rxh2+ 47. Kg5 Rg2 48. g4 Kh8 49. Rh6+ Kg7 50.
f6+ Kg8 51. Rg6+ Kh7 52. Rg7+ Kh8 53. Re7 Rh2 54. Kg6 Rh7 55. Rf7 Rxf7 56.
Kxf7 Kh7 57. Ke7 Kh6 58. f7 Kg5 59. f8=Q Kxg4 60. Qf6 Kg3 61. Ke6 Kh3 62.
Qf5+ Kg3 63. Ke5 Kh2 64. Qf4+ {Black forfeits on time} 1-0

[Event "ICC Open 2015"]
[Site "Internet Chess Club"]
[Date "2015.05.30"]
[Round "1"]
[White "chessdjw"]
[Black "boveymvp"]
[Result "1-0"]
[ICCResult "Black forfeits on time"]
[WhiteElo "2231"]
[BlackElo "1556"]
[Opening "Réti opening"]
[ECO "A05"]
[NIC "QP.11"]
[Time "14:08:46"]
[TimeControl "180+0"]

1. Nf3 Nf6 2. g3 e6 3. Bg2 d5 4. O-O c5 5. c4 Nc6 6. d4 Be7 7. cxd5 Nxd5 8.
e4 Nb6 9. dxc5 Qxd1 10. Rxd1 Bxc5 11. a3 Be7 12. b3 O-O 13. Bb2 Bd7 14. Nbd2
Rfd8 15. e5 Be8 16. Ne4 Nd5 17. b4 Rac8 18. Rac1 b6 19. Bf1 Nb8 20. Nd4 Ba4
21. Re1 Be8 22. Nb5 Rxc1 23. Rxc1 Nd7 24. Nxa7 Nb8 25. Nc8 Bf8 26. Ncd6 f5
27. Ng5 Bxd6 28. Nxe6 Rd7 29. exd6 Rxd6 30. Bg2 Nf6 31. Nc7 Nbd7 32. Nxe8
Nxe8 33. h4 Kf7 34. Rc8 g6 35. Bf3 Nef6 36. Bxf6 Nxf6 37. Rc6 Rxc6 38. Bxc6
Ke6 39. Kf1 Kd6 40. Bg2 Ke5 41. Ke2 Kd4 42. Kd2 Kc4 43. Kc2 Nd7 44. Bf1+ Kd4
45. Kb3 Ne5 46. Be2 h5 47. a4 Kd5 48. f4 Nd7 49. Bf3+ Kd6 50. Kc4 Nf6 51.
Kb5 Kc7 52. a5 bxa5 53. bxa5 Kb8 54. Kc5 Ka7 55. Kd6 Ka6 56. Ke5 Nd7+ 57.
Ke6 Nc5+ 58. Kf6 Ne4+ 59. Kxg6 Nxg3 60. Bxh5 Ne4 61. Kxf5 Ng3+ 62. Kg6 Nxh5
63. Kxh5 Kxa5 64. Kg6 Kb6 65. f5 Kc6 66. f6 Kd6 67. f7 Ke6 68. Kg7 Ke5 69.
f8=Q Ke4 70. h5 Ke3 71. h6 Kd3 72. h7 {Black forfeits on time} 1-0

[Event "ICC Open 2015"]
[Site "Internet Chess Club"]
[Date "2015.05.30"]
[Round "2"]
[White "PJJVenegas"]
[Black "MTurov"]
[Result "0-1"]
[ICCResult "White resigns"]
[WhiteElo "2337"]
[BlackElo "3053"]
[Opening "Nimzo-Indian: three knights variation"]
[ECO "E21"]
[NIC "NI.28"]
[Time "14:16:20"]
[TimeControl "180+0"]

1. d4 Nf6 2. c4 e6 3. Nc3 Bb4 4. Nf3 Ne4 5. Qc2 f5 6. g3 b6 7. Bg2 Bb7 8.
O-O Nxc3 9. bxc3 Be4 10. a4 Bxc2 {White resigns} 0-1

[Event "ICC Open 2015"]
[Site "Internet Chess Club"]
[Date "2015.05.30"]
[Round "2"]
[White "ALexiz"]
[Black "cap78red"]
[Result "1-0"]
[ICCResult "Black checkmated"]
[WhiteElo "1807"]
[BlackElo "1357"]
[Opening "King's Indian: Four pawns attack, dynamic line"]
[ECO "E76"]
[NIC "KI.31"]
[Time "14:15:33"]
[TimeControl "180+0"]

1. d4 Nf6 2. c4 g6 3. Nc3 d6 4. e4 Bg7 5. f4 c5 6. d5 O-O 7. Nf3 Nbd7 8. Be2
e5 9. fxe5 Nxe5 10. Nxe5 dxe5 11. O-O Nh5 12. Bxh5 gxh5 13. Qxh5 Bd7 14. Bh6
Qf6 15. Rxf6 Bxf6 16. Rf1 Bg7 17. Qg5 f5 18. Qxg7# {Black checkmated} 1-0

[Event "ICC Open 2015"]
[Site "Internet Chess Club"]
[Date "2015.05.30"]
[Round "2"]
[White "mockingbird"]
[Black "Xapado"]
[Result "1-0"]
[ICCResult "Black checkmated"]
[WhiteElo "2295"]
[BlackElo "1562"]
[Opening "Caro-Kann: Tartakower (fantasy) variation"]
[ECO "B12"]
[NIC "CK.02"]
[Time "14:15:21"]
[TimeControl "180+0"]

1. e4 c6 2. d4 d5 3. f3 e6 4. Nc3 Bb4 5. Bf4 Nf6 6. Qd3 O-O 7. O-O-O Bd7 8.
e5 Ne8 9. g4 g5 10. Be3 f6 11. exf6 Qxf6 12. h4 gxh4 13. g5 Qg6 14. Rxh4
Qxd3 15. Bxd3 Rf7 16. Rd2 Ng7 17. Bxh7+ Kf8 18. Bg6 Re7 19. Rh8#
{Black checkmated}
1-0

[Event "ICC Open 2015"]
[Site "Internet Chess Club"]
[Date "2015.05.30"]
[Round "2"]
[White "MD1"]
[Black "vicmel"]
[Result "0-1"]
[ICCResult "White resigns"]
[WhiteElo "1610"]
[BlackElo "1959"]
[Opening "Bird's opening"]
[ECO "A02"]
[NIC "VO.07"]
[Time "14:15:07"]
[TimeControl "180+0"]

1. f4 c5 2. Nf3 d5 3. e3 a6 4. Be2 g6 5. O-O Bg7 6. d4 cxd4 7. Nxd4 Nc6 8.
Nc3 Nf6 9. Bf3 O-O 10. Qe2 e6 11. Bd2 Qb6 12. Na4 Qa7 13. b3 Nxd4 14. exd4
Bd7 15. Be3 Bb5 16. c4 dxc4 17. d5 Qb8 18. bxc4 Bxa4 19. c5 Nxd5 20. Bxd5
exd5 21. Qd2 d4 22. Bxd4 Rd8 23. Be5 Rxd2 24. Bxb8 Bxa1 {White resigns} 0-1